 Dungeon Crawl Stone Soup version 0.23.1 (webtiles) character file.

Game seed: 10495989254096731782

46 Kairos the Skirmisher (level 3, -4/16 HPs)
             Began as a Vine Stalker Abyssal Knight on Mar 3, 2019.
             Was a Follower of Lugonu.
             Slain by a worm (6 damage)
             ... on level 2 of the Dungeon.
             The game lasted 00:02:02 (2051 turns).

Kairos the Skirmisher (Vine Stalker Abyssal Knight) Turns: 2051, Time: 00:02:03

Health: -4/16      AC:  6    Str: 13 (15) XL:     3   Next: 66%
Magic:  0/4        EV:  9    Int: 10 (12) God:    Lugonu [*.....]
Gold:   36         SH:  0    Dex: 11 (13) Spells: 2/2 levels left

rFire    . . .     SeeInvis .   a - +1 hand axe
rCold    . . .     Gourm    .   (no shield)
rNeg     . . .     Faith    .   i - +0 scale mail
rPois    .         Spirit   +   (no helmet)
rElec    .         Reflect  .   (no cloak)
rCorr    .         Harm     .   (no gloves)
MR       +....     Rnd*Rage +   (no boots)
Stlth    ..........             (no amulet)
HPRegen  0.05/turn              j - ring of protection from magic
MPRegen  0.09/turn              (no ring)

@: no status effects
A: fangs 2, berserk 1, [blurry vision 2], [deterioration 2], [frail 2], [low mp
2], magic shield, antimagic bite, no potion heal 3, rot immunity
a: Depart the Abyss, Renounce Religion


You were on level 2 of the Dungeon.
You worshipped Lugonu.
Lugonu was aware of your devotion.
You were hungry.

You visited 1 branch of the dungeon, and saw 2 of its levels.
You visited the Abyss 1 time.

You collected 36 gold pieces.

Inventory:

Hand Weapons
 a - a +1 hand axe (weapon)
Armour
 b - a +0 leather armour
 i - a +0 scale mail (worn)
Jewellery
 j - a ring of protection from magic (left hand)
Scrolls
 h - a scroll of amnesia {unknown}
 k - a scroll of remove curse {unknown}
Potions
 e - 2 potions of ambrosia
 f - a potion of heal wounds {unknown}
 g - a potion of degeneration {unknown}
 l - a potion of brilliance {unknown}
Comestibles
 c - 3 rations


   Skills:
 + Level 3.4 Fighting
 + Level 2.3 Axes
 + Level 1.9 Armour
 + Level 1.0 Dodging
 + Level 2.0 Invocations


You had 2 spell levels left.
You didn't know any spells.
Your spell library was empty.

Dungeon Overview and Level Annotations

Branches:
Dungeon (2/15)

Altars:


Innate Abilities, Weirdness & Mutations

You have extremely sharp teeth.
When hurt, damage is shared between your health and your magic reserves.
Your bite disrupts and absorbs the magic of your enemies.
Potions cannot restore your health.
You are immune to rotting.
You tend to lose your temper in combat.
[Scrolls take you longer to read.]
[Your body often deteriorates upon taking damage.]
[You are very frail. (-20% HP)]
[Your magical capacity is very low. (-20% MP)]


Message History

You are too injured to fight recklessly!
You are too injured to fight recklessly!
You are too injured to fight recklessly!
You are too injured to fight recklessly!
You are too injured to fight recklessly!
You are too injured to fight recklessly!
You are too injured to fight recklessly!
Your scale mail prevents you from hitting the worm.
You bite the worm. You drain its power.
The worm is severely wounded.
You hit the worm. You bite the worm, but do no damage.
The worm is almost dead.
The worm bites you!
* * * LOW HITPOINT WARNING * * *
Your body deteriorates!
You feel clumsy.
Your scale mail prevents you from hitting the worm.
You bite the worm. You drain its power.
You feel invigorated.
The worm is almost dead.
The worm bites you!
You die...

###.# ....
.#.##
##...##
..... ...
#w# #@# #.#
##'##
##...##
##.....##
##..<....##
#......†..#
+......†..+
#.........#


You could see a worm.

Vanquished Creatures
  A gnoll (D:1)
  4 dart slugs
  A leopard gecko (D:1)
  A ball python (D:1)
  4 goblins (D:1)
  2 hobgoblins (D:1)
  2 jackals (D:1)
  2 bats (D:1)
  4 frilled lizards
  3 kobolds (D:1)
  5 rats
29 creatures vanquished.

Notes
Turn   | Place    | Note
-------+----------+-------------------------------------------
     0 | Abyss:1  | Kairos the Vine Stalker Abyssal Knight began the quest for
                  | the Orb.
     0 | Abyss:1  | Reached XP level 1. HP: 11/11 MP: 3/3
   105 | Abyss:1  | Noticed a freezing wraith
   109 | Abyss:1  | Noticed a wretched star
   112 | Abyss:1  | Noticed a shining eye
   112 | Abyss:1  | Noticed a raiju
   113 | Abyss:1  | Gained mutation: You tend to lose your temper in combat. [a
                  | shining eye]
   115 | D:1      | Escaped the Abyss
   222 | D:1      | Reached skill level 3 in Fighting
   222 | D:1      | Reached XP level 2. HP: 10/12 MP: 2/3
   990 | D:1      | Reached * piety under Lugonu
  1389 | D:1      | Reached XP level 3. HP: 6/16 MP: 1/4
  1768 | D:1      | Reached skill level 1 in Dodging
  2051 | D:2      | Slain by a worm

Skill      XL: |  1  2  3 |
---------------+----------+-----
Invocations    | 2 |  2.0
Fighting       | 3 |  3.4
Axes           | 2 |  2.3
Dodging        | 1 |  1.0
Armour         | |  1.9

Action                   || total
-------------------------++-------
Melee: Hand axe          ||    78
       Bite              ||    19
Invok: Depart the Abyss  ||     1
  Use: Scroll            ||     1
  Eat: Chunk             ||     3
Armor: Leather armour    ||     6
       Scale mail        ||    33
Dodge: Dodged            ||    47
